 Dungeon Crawl Stone Soup version 0.29-a0-375-g5102b3be25 (webtiles) character file.

Game seed: 15420370999092743996

50792 flotson the Fighter (level 14, 111/111 HPs)
             Began as a Demonspawn Gladiator on Mar 2, 2022.
             Was an Initiate of Gozag.
             Quit the game on level 1 of the Orcish Mines on May 3, 2022.
             The game lasted 00:53:17 (25134 turns).

flotson the Fighter (Demonspawn Gladiator)         Turns: 25134, Time: 00:53:18

Health: 111/111    AC: 29    Str: 25    XL:     14   Next: 21%
Magic:  14/14      EV: 12    Int:  7    God:    Gozag
Gold:   792        SH: 11    Dex: 22    Spells: 13/13 levels left

rFire   + . .      SeeInvis .   X - +8 morningstar of the Living Dead {drain, rC+ Int-5 Dex+7}
rCold   + + .      Faith    .   W - +0 kite shield {reflect}
rNeg    . . .      Spirit   .   V - +4 gold dragon scales
rPois   +          Reflect  +   k - +2 helmet of Classification {rPois}
rElec   .          Harm     .   (cloak unavailable)
rCorr   .          Rampage  .   d - +2 pair of gloves
Will    +....                   C - +0 pair of boots
Stlth   ..........              i - amulet of the acrobat
HPRegen 0.28/turn               t - ring "Xetiulec" {EV+4 Int+2}
MPRegen 0.14/turn               R - +6 ring of strength

@: studying Earth Magic
A: demonic guardian 1, powered by pain 1, sanguine armour 2, weakness stinger 3
a: Renounce Religion, Potion Petition, Call Merchant, Bribe Branch


You were on level 1 of the Orcish Mines.
You worshipped Gozag.
Gozag was pleased with you.
You visited 4 branches of the dungeon, and saw 20 of its levels.
You also visited: Ossuary and Gauntlet.

You collected 5785 gold pieces.
You spent 1474 gold pieces at shops.
You paid 3519 gold pieces to Gozag.

Inventory:

Hand Weapons
 a - the +4 hand axe of Discord {spect, rPois SInv}
   (You found it on level 4 of the Dungeon)

   When its wielder attacks, the weapon's spirit leaps out and strikes again.
   The spirit shares a part of any damage it takes with its wielder.
   rPois:     It protects you from poison.
   SInv:      It lets you see invisible.
 b - the +11 hunting sling of Forced Transition {speed, rElec Dex+3}
   (You bought it in a shop on level 1 of the Orcish Mines)

   Attacks with this weapon are significantly faster.
   Dex:       It affects your dexterity (+3).
   rElec:     It insulates you from electricity.
 c - a +4 scimitar of flaming
 q - a +0 broad axe
 M - a +0 demon whip of venom
 X - the +8 morningstar of the Living Dead (weapon) {drain, rC+ Int-5 Dex+7}
   (You found it on level 8 of the Dungeon)

   A truly terrible weapon, it drains the life of any living foe it strikes.
   Int:       It affects your intelligence (-5).
   Dex:       It affects your dexterity (+7).
   rC:        It protects you from cold.
Missiles
 x - 16 poisoned darts (quivered)
 E - 5 boomerangs of dispersal
 I - 13 boomerangs
 U - 10 silver javelins
Armour
 d - a +2 pair of gloves (worn)
 k - the +2 helmet of Classification (worn) {rPois}
   (You found it on level 6 of the Lair of Beasts)

   rPois:     It protects you from poison.
 C - a +0 pair of boots (worn)
 V - +4 gold dragon scales (worn)
 W - a +0 kite shield of reflection (worn)
Jewellery
 f - the ring of Wonder {Fly rPois rC+ MP+9 Stlth-}
   (You found it in a Gauntlet)

   [ring of magical power]

   rC:        It protects you from cold.
   rPois:     It protects you from poison.
   MP:        It affects your magic capacity (+9).
   Fly:       It grants you flight.
   Stlth:     It makes you less stealthy.
 i - an amulet of the acrobat (around neck)
 t - the ring "Xetiulec" (left hand) {EV+4 Int+2}
   (You found it on level 4 of the Dungeon)

   [ring of evasion]

   EV:        It affects your evasion (+4).
   Int:       It affects your intelligence (+2).
 B - an amulet of regeneration
 R - a +6 ring of strength (right hand)
Wands
 o - a wand of flame (14)
 F - a wand of iceblast (6)
 G - a wand of polymorph (8)
 K - a wand of digging (5)
Scrolls
 r - 3 scrolls of vulnerability
 s - 3 scrolls of fog
 u - 3 scrolls of summoning
 w - a scroll of holy word
 y - 3 scrolls of silence
 z - 3 scrolls of immolation
 D - 3 scrolls of magic mapping
 H - a scroll of fear
 O - a scroll of teleportation
 Q - 2 scrolls of blinking
 S - 5 scrolls of enchant weapon
 T - a scroll of identify
Potions
 h - 9 potions of curing
 j - 2 potions of invisibility
 l - 5 potions of heal wounds
 m - 4 potions of mutation
 n - 2 potions of lignification
 p - 3 potions of flight
 v - a potion of resistance
 A - 5 potions of haste
 J - 7 potions of might
 L - a potion of ambrosia
 P - 5 potions of attraction
Miscellaneous
 e - a piece from Xom's chessboard (15/15)
 g - a phantom mirror
 N - a lightning rod (4/4)


   Skills:
 + Level 10.4 Fighting
 + Level 9.9 Axes
 + Level 9.4 Throwing
 + Level 9.3 Armour
 + Level 9.8 Dodging
 + Level 6.2 Shields
 + Level 9.6 Evocations


You had 13 spell levels left.
You didn't know any spells.
Your spell library contained the following spells:

 Spells                   Type           Power      Damage    Failure   Level
 Animate Skeleton         Necr           0%         N/A       100%        1
 Apportation              Tloc           0%         N/A       100%        1
 Foxfire                  Conj/Fire      0%         2x1d4     100%        1
 Magic Dart               Conj           0%         1d3       100%        1
 Summon Small Mammal      Summ           0%         N/A       100%        1
 Ensorcelled Hibernation  Hex/Ice        0%         N/A       100%        2
 Scorch                   Fire           0%         2d5       100%        2
 Searing Ray              Conj           0%         2d4       100%        2
 Static Discharge         Conj/Air       0%         N/A       100%        2
 Conjure Flame            Conj/Fire      0%         6-21      100%        3
 Gell's Gravitas          Tloc           0%         N/A       100%        3
 Ignite Poison            Fire/Tmut/Pois 0%         N/A       100%        3
 Inner Flame              Hex/Fire       0%         N/A       100%        3
 Lesser Beckoning         Tloc           0%         N/A       100%        3
 Spider Form              Tmut/Pois      0%         N/A       100%        3
 Teleport Other           Tloc           0%         N/A       100%        3
 Anguish                  Hex/Necr       0%         N/A       100%        4
 Dispel Undead            Necr           0%         3d6       100%        4
 Flame Wave               Conj/Fire      0%         2d4       100%        4
 Fulminant Prism          Conj/Hex       0%         3d6       100%        4
 Hailstorm                Conj/Ice       0%         3d3       100%        4
 Ice Form                 Ice/Tmut       0%         N/A       100%        4
 Leda's Liquefaction      Hex/Erth       0%         N/A       100%        4
 Olgreb's Toxic Radiance  Pois           0%         N/A       100%        4
 Sticky Flame             Conj/Fire      0%         2d3       100%        4
 Summon Ice Beast         Ice/Summ       0%         N/A       100%        4
 Alistair's Intoxication  Tmut/Pois      0%         N/A       100%        5
 Freezing Cloud           Conj/Ice/Air   0%         6-21      100%        5
 Lee's Rapid Deconstruct  Erth           0%         3d5*      100%        5
 Summon Mana Viper        Hex/Summ       0%         N/A       100%        5
 Simulacrum               Ice/Necr       0%         N/A       100%        6
 Statue Form              Tmut/Erth      0%         N/A       100%        6
 Summon Cactus Giant      Summ           0%         N/A       100%        6
 Monstrous Menagerie      Summ           0%         N/A       100%        7
 Ozocubu's Refrigeration  Ice            0%         4d5       100%        7
 Ignition                 Fire           0%         3d3       100%        8
 Polar Vortex             Ice            0%         N/A       100%        9


Dungeon Overview and Level Annotations

Branches:
Dungeon (11/15)            Temple (1/1) D:4            Lair (6/6) D:8
 Shoals (0/4) Lair:3       Spider (0/4) Lair:3        Slime (0/5) Lair:6
    Orc (2/2) D:9             Elf (0/3) Orc:2       Ossuary (visited)
Gauntlet (visited)

Altars:
Ashenzari
Cheibriados
Elyvilon
Fedhas
Gozag
Hepliaklqana
Kikubaaqudgha
Nemelex Xobeh
Okawaru
Qazlal
Ru
Sif Muna
Trog
Uskayaw
Vehumet
Wu Jian
Yredelemnul
Zin
The Shining One
Beogh
Jiyva

Shops:
D:5 (   Orc:1 ((=*   Orc:2 !:[*:

Annotations:
Lair:3 Josephine


Innate Abilities, Weirdness & Mutations

A weak demonic guardian rushes to your aid.
You sometimes gain a little power by taking damage.
When seriously injured, your blood forms thick armour. (AC +0)
You have a sharp stinger which inflicts weakening toxins.


Message History

T - 2 scrolls of identify (gained 1)
S - 5 scrolls of enchant weapon (gained 1) Thank you for shopping at Otutt's General Store!
Unknown command.
As you read the scroll of identify, it crumbles to dust.
H - a scroll of fear [a] 715 gold - Qoownaat's Armour Boutique [b] 970 gold - Dog Oceps's Distillery [c] 925 gold - Fabicoic's Weapon Shop Fund which merchant?
You no longer have enough gold to bribe branches to halt enemies' attacks and recruit allies.
Fabicoic invites you to visit her Weapon Shop.
Unknown command. [a] 745 gold - Plog's Book Shoppe [b] 1015 gold - Rallobra's Antique Weapon Shop [c] 778 gold - Ucollaoh's Assorted Antiques Fund which merchant?
Rallobra invites you to visit her Antique Weapon Shop.
X - the +11 hunting sling of Forced Transition {speed, rElec Dex+3} Thank you for shopping at Rallobra's Antique Weapon Shop!
Adjust to which letter? (? for menu, Esc to quit)
b - the +11 hunting sling of Forced Transition {speed, rElec Dex+3}
X - the +8 morningstar of the Living Dead (weapon)
{drain, rC+ Int-5 Dex+7} Unknown command.
Search for what [Enter for "broad", or ? for help]? bull Can't find anything matching that. [a] 1375 gold - Ticvudwaepi's Book Shop [b] 955 gold - Muesal's Jewellery Shoppe [c] 1366 gold - Ymotwiwk's Distillery Fund which merchant?
You no longer have enough gold to fund merchants seeking to open stores in the dungeon.
Muesal invites you to visit their Jewellery Shoppe.
You can access your shopping list by pressing '$'.
Unknown command.
Options error: Full pregeneration is not allowed on this build of crawl. (~/.crawlrc:90) Welcome back, flotson the Demonspawn Gladiator.
Gozag says: Greed is good.
Press ? for a list of commands and other information.
Done exploring.
Are you sure you want to abandon this character and quit the game? (Confirm with "yes".)

#.#..........#....## ##
##....###...###[...# .##
##.#..........#....##
..###.###......#.[.[.###
...##....#.....#.....##
...#....###....#..[)..#
#.....#..#.........>).#
######
#..........###.....#..#
##.##.#
......#.....#..∩@.#...#
#......
.........#....#∩∩....##
##.##..
..####...#.#.####....#
#....# ).# ##..###.#
#...## ####...# )##
#...#### ##.## #....#..
## ##.## ### ###o..#...
.## ###### #.#.......
..# #.### ###..#..^...
.## #...## ##...o###....


There were no monsters in sight!

Vanquished Creatures
  Gastronok (D:10)
  A minotaur (Gauntlet)
  A fire dragon (Lair:6)
  A boulder beetle (Lair:6)
  2 hell beasts (Gauntlet)
  3 hydras
  3 two-headed ogres
  Amaemon (Lair:2)
  A fire crab (Lair:6)
  11 orc knights
  2 ugly things (D:8)
  An orc sorcerer (Orc:1)
  3 cyclopes
  A manticore (Lair:3)
  3 molten gargoyles (Lair:6)
  5 black mambas
  An orange demon (Lair:2)
  10 cane toads
  An efreet (D:8)
  3 rime drakes
  A demonic crawler (Lair:3)
  An unseen horror (D:6)
  13 komodo dragons
  A hornet (D:9)
  A polar bear (Lair:2)
  Grinder (D:4)
  3 trolls
  3 slime creatures (D:10)
  10 blink frogs
  2 centaur simulacra (Gauntlet)
  A spriggan (shapeshifter) (D:8)
  A spriggan (Lair:6)
  2 wraiths (Lair:4)
  A shadow (D:10)
  Eustachio (D:4)
  23 yaks
  4 wyverns (Lair:6)
  5 basilisks
  2 steam dragons
  7 wargs
  5 hell hounds
  15 water moccasins
  35 orc warriors
  6 black bears
  8 ogres
  A sky beast (D:7)
  3 ice beasts
  The ghost of cyrus the Poker, an amateur MfFi of Cheibriados (D:3)
  A centaur (D:6)
  8 wolves
  A phantom (D:6)
  2 kobold brigands
  An elf zombie (Ossuary)
  17 bullfrogs
  3 gnoll sergeants
  4 necrophages
  9 scorpions
  A wight (D:6)
  6 killer bees (D:8)
  3 howler monkeys (D:8)
  3 lava snakes (Lair:6)
  A centaur zombie (Ossuary)
  A wyvern simulacrum (Gauntlet)
  A hound (D:4)
  3 human zombies (Ossuary)
  13 orc priests
  A jelly (D:6)
  Ijyb (D:4)
  2 iguanas
  Natasha (thrice) (D:4)
  19 orc wizards
  2 mummies (Ossuary)
  7 gnolls
  11 adders
  A shadow imp (D:7)
  4 white imps
  3 ufetubi
  3 worms
  4 dart slugs (D:2)
  69 orcs
  7 ball pythons
  4 bats
  6 endoplasms
  6 giant cockroaches
  8 goblins
  14 hobgoblins
  4 jackals (D:2)
  4 quokkas (D:1)
  3 frilled lizards
  A goblin zombie (Ossuary)
  9 hobgoblin zombies (Ossuary)
  3 jackal zombies (Ossuary)
  15 kobolds
  8 kobold zombies (Ossuary)
  10 orc zombies (Ossuary)
  5 rats
  A rat zombie (Ossuary)
528 creatures vanquished.

Vanquished Creatures (collateral kills)
  2 blink frogs (Lair:6)
  A wind drake (Lair:3)
  A yak (Lair:6)
  An orc warrior (Orc:2)
  2 lava snakes (Lair:6)
  2 orcs
9 creatures vanquished.

Vanquished Creatures (others)
  A wizard (D:9)
  12 demonic plants (Gauntlet)
  62 fungi
  81 plants
  21 withered plants (Gauntlet)
177 creatures vanquished.

Grand Total: 714 creatures vanquished

Notes
Turn   | Place    | Note
-------+----------+-------------------------------------------
     0 | D:1      | flotson the Demonspawn Gladiator began the quest for the
                  | Orb.
     0 | D:1      | Reached XP level 1. HP: 16/16 MP: 1/1
   390 | D:1      | Gained mutation: You have a small tail. [demonic ancestry]
   390 | D:1      | Reached XP level 2. HP: 20/22 MP: 2/2
   801 | D:1      | Found a faded altar of an unknown god.
   827 | D:1      | Gained mutation: A weak demonic guardian rushes to your
                  | aid. [demonic ancestry]
   827 | D:1      | Reached XP level 3. HP: 21/28 MP: 3/3
   945 | D:1      | Reached skill level 1 in Armour
  1462 | D:2      | Reached XP level 4. HP: 30/34 MP: 4/4
  2399 | D:3      | Found a broken altar of Ashenzari.
  2439 | D:3      | Noticed cyrus's ghost (amateur MfFi)
  2445 | D:3      | Found a runed translucent gate.
  2445 | D:3      | Found a runed translucent gate.
  2705 | D:3      | Found an ornate altar of the Wu Jian Council.
  2737 | D:3      | Found a runed translucent gate.
  3049 | D:4      | Noticed Grinder
  3095 | D:4      | Gained mutation: You have a tail ending in a sharp stinger.
                  | [demonic ancestry]
  3095 | D:4      | Reached XP level 5. HP: 39/40 MP: 5/5
  3098 | D:4      | Identified the ring "Xetiulec" {EV+4 Int+2}
  3099 | D:4      | Paralysed by Grinder for 3 turns
  3288 | D:4      | Paralysed by Grinder for 5 turns
  3299 | D:4      | Killed Grinder
  3300 | D:4      | Reached skill level 3 in Fighting
  3300 | D:4      | Reached XP level 6. HP: 12/47 MP: 6/6
  3334 | D:4      | Noticed an ice beast
  3349 | D:4      | Killed an ice beast
  3380 | D:4      | Found a sand-covered staircase.
  3386 | Ossuary  | Entered an ossuary
  3763 | Ossuary  | Gained mutation: When seriously injured, your blood forms
                  | armour. (AC +0) [demonic ancestry]
  3763 | Ossuary  | Reached XP level 7. HP: 34/53 MP: 7/7
  3970 | Ossuary  | Reached skill level 4 in Fighting
  4169 | D:4      | Reached skill level 1 in Evocations
  4217 | D:4      | Noticed Eustachio
  4317 | D:4      | Killed Eustachio
  4318 | D:4      | Gained mutation: When seriously injured, your blood forms
                  | thick armour. (AC +0) [demonic ancestry]
  4318 | D:4      | Reached XP level 8. HP: 43/61 MP: 8/8
  4683 | D:4      | Noticed Natasha
  4688 | D:4      | Killed Natasha
  4830 | D:4      | Noticed Ijyb
  4836 | D:4      | Killed Ijyb
  4931 | D:4      | Identified the +4 hand axe of Discord {spect, rPois SInv}
  5047 | D:4      | Noticed Natasha
  5052 | D:4      | Killed Natasha
  5135 | D:4      | Found a staircase to the Ecumenical Temple.
  5144 | Temple   | Entered the Ecumenical Temple
  5253 | Temple   | Became a worshipper of Gozag Ym Sagoz the Greedy
  5346 | D:5      | Entered Level 5 of the Dungeon
  5388 | D:5      | Found Loneiq's Antique Weapon Shop.
  5468 | D:4      | Noticed Natasha
  5470 | D:4      | Killed Natasha
  5654 | D:5      | Reached skill level 5 in Axes
  6037 | D:5      | Reached skill level 5 in Fighting
  6037 | D:5      | Reached skill level 5 in Dodging
  6155 | D:5      | Found a sparkling altar of Nemelex Xobeh.
  6686 | D:6      | Found an ancient bone altar of Kikubaaqudgha.
  6869 | D:6      | Found a basalt altar of Yredelemnul.
  6971 | D:6      | Found a snail-covered altar of Cheibriados.
  7225 | D:6      | Found a blossoming altar of Fedhas.
  7357 | D:6      | Reached XP level 9. HP: 66/68 MP: 9/9
  7384 | D:6      | Noticed a komodo dragon
  7399 | D:6      | Killed a komodo dragon
  7400 | D:6      | Reached skill level 5 in Throwing
  7439 | D:6      | Noticed an unseen horror
  7658 | D:6      | Noticed a two-headed ogre
  7682 | D:6      | Killed a two-headed ogre
  7683 | D:6      | Reached skill level 6 in Fighting
  7683 | D:6      | Reached skill level 5 in Armour
  8152 | D:7      | Gained mutation: You sometimes gain a little power by
                  | taking damage. [demonic ancestry]
  8152 | D:7      | Reached XP level 10. HP: 74/77 MP: 10/10
  8430 | D:3      | Killed cyrus's ghost
  8700 | D:8      | Reached skill level 5 in Evocations
  8990 | D:8      | Found a staircase to the Lair.
  9331 | D:8      | Reached skill level 7 in Fighting
  9406 | D:8      | Noticed a two-headed ogre
  9435 | D:8      | Killed a two-headed ogre
  9553 | D:8      | Noticed a white ugly thing
  9553 | D:8      | Noticed a cyclops
  9561 | D:8      | Noticed a green ugly thing
  9613 | D:8      | Killed a green ugly thing
  9614 | D:8      | Reached XP level 11. HP: 77/84 MP: 11/11
  9627 | D:8      | Killed a green ugly thing
  9754 | D:8      | Identified the +8 morningstar of the Living Dead {drain,
                  | rC+ Int-5 Dex+7}
  9807 | D:8      | Noticed a two-headed ogre
  9814 | D:8      | Killed a two-headed ogre
  9818 | D:8      | Identified the +3 ring mail of the Game of Kings {Str+4}
 10102 | D:9      | Found an iron altar of Okawaru.
 10199 | D:9      | Found a staircase to the Orcish Mines.
 10530 | D:9      | Found a bloodstained altar of Trog.
 10532 | D:9      | Noticed a wizard
 10537 | D:9      | Killed a wizard
 10733 | D:10     | Entered Level 10 of the Dungeon
 10787 | D:10     | Noticed Gastronok
 10814 | D:11     | Noticed a boulder beetle
 11567 | D:10     | Reached skill level 1 in Shields
 11647 | D:10     | Found a hazy altar of Hepliaklqana.
 11784 | D:10     | Killed Gastronok
 11785 | D:10     | Reached skill level 8 in Fighting
 12313 | Lair:1   | Entered Level 1 of the Lair of Beasts
 12980 | Lair:1   | Reached XP level 12. HP: 94/94 MP: 12/12
 13601 | Lair:2   | Noticed Amaemon
 13693 | Lair:2   | Killed Amaemon
 14266 | Lair:3   | Found a hole to the Spider Nest.
 14622 | Lair:3   | Found a staircase to the Shoals.
 14629 | Lair:3   | Reached skill level 9 in Fighting
 15576 | Lair:4   | Noticed a six-headed hydra
 15589 | Lair:4   | Killed a one-headed hydra
 15680 | Lair:4   | Noticed Josephine
 16518 | Lair:5   | You fall into a shaft and drop 1 floor!
 16518 | Lair:6   | Entered Level 6 of the Lair of Beasts
 16583 | Lair:6   | Found a gate leading to a gauntlet.
 16593 | Gauntlet | Entered a Gauntlet
 16593 | Gauntlet | Found a transporter.
 16593 | Gauntlet | Found a transporter.
 16623 | Gauntlet | Found a transporter.
 16623 | Gauntlet | Found a transporter.
 16625 | Gauntlet | Noticed a green death
 16632 | Gauntlet | Found a transporter.
 16646 | Gauntlet | Noticed a hell beast
 16651 | Gauntlet | Found a transporter.
 16657 | Gauntlet | Noticed a hell beast
 16661 | Gauntlet | Found a transporter.
 16661 | Gauntlet | Found a transporter.
 16662 | Gauntlet | Noticed a blizzard demon
 16685 | Gauntlet | Found a transporter.
 16692 | Gauntlet | Found a transporter.
 16704 | Gauntlet | Found a transporter.
 16722 | Gauntlet | Found a transporter.
 16767 | Gauntlet | Found a transporter.
 16772 | Gauntlet | Noticed a death scarab
 16781 | Gauntlet | Noticed a death scarab
 16783 | Gauntlet | Found a transporter.
 16884 | Gauntlet | Found a transporter.
 16890 | Gauntlet | Noticed a green death
 16900 | Gauntlet | Found a transporter.
 17056 | Gauntlet | Killed a hell beast
 17057 | Gauntlet | Gained mutation: You have a sharp stinger which inflicts
                  | weakening toxins. [demonic ancestry]
 17057 | Gauntlet | Reached XP level 13. HP: 76/101 MP: 13/13
 17194 | Gauntlet | Noticed a minotaur
 17212 | Gauntlet | Killed a minotaur
 17291 | Gauntlet | Identified the +4 cloak "Ten Vame" {Drain Int+6 Dex+6}
 17297 | Gauntlet | Got Hiroqom's Disquisition on the Flamy Snowflakes
 17299 | Gauntlet | Identified the ring of Wonder {Fly rPois rC+ MP+9 Stlth-}
 18696 | Lair:6   | Reached skill level 5 in Shields
 19429 | Lair:6   | Found a large runed translucent door.
 19430 | Lair:6   | Found a large runed translucent door.
 19504 | Lair:6   | Noticed a fire dragon
 19745 | Lair:6   | Found a viscous altar of Jiyva.
 19745 | Lair:6   | Found a staircase to the Slime Pits.
 19919 | Lair:6   | Reached skill level 10 in Fighting
 20049 | Lair:6   | Identified the +2 helmet of Classification {rPois}
 20259 | Lair:6   | Killed a fire dragon
 20715 | Orc:1    | Entered Level 1 of the Orcish Mines
 20948 | Orc:2    | Entered Level 2 of the Orcish Mines
 21113 | Orc:2    | Found Jicval's Book Emporium.
 21119 | Orc:2    | Found a staircase to the Elven Halls.
 23107 | Orc:2    | Found Istreschun's Book Emporium.
 23107 | Orc:2    | Found Quiv Pis's Distillery.
 23123 | Orc:2    | Reached XP level 14. HP: 71/110 MP: 14/14
 23273 | Orc:2    | Bought a potion of heal wounds for 80 gold pieces
 23273 | Orc:2    | Bought a potion of might for 64 gold pieces
 23273 | Orc:2    | Bought a potion of might for 64 gold pieces
 23693 | Orc:2    | Found Aruul's General Store.
 23693 | Orc:2    | Found Lyateev's Antique Armour Boutique.
 23699 | Orc:2    | Bought a scroll of vulnerability for 90 gold pieces
 23699 | Orc:2    | Bought a scroll of holy word for 90 gold pieces
 23699 | Orc:2    | Bought a scroll of identify for 24 gold pieces
 23699 | Orc:2    | Bought a wand of iceblast (6) for 120 gold pieces
 23699 | Orc:2    | Bought a potion of ambrosia for 96 gold pieces
 23699 | Orc:2    | Bought a potion of haste for 120 gold pieces
 23717 | Orc:2    | Bought a pair of boots for 135 gold pieces
 23717 | Orc:2    | Bought a steaming ring mail for 270 gold pieces
 23717 | Orc:2    | Identified the +5 ring mail "Haiv" {Fly} (You bought it in
                  | a shop on level 2 of the Orcish Mines)
 24966 | Orc:1    | Found a radiant altar of Vehumet.
 25127 | Orc:1    | Bought a scroll of teleportation for 33 gold pieces
 25127 | Orc:1    | Bought a scroll of identify for 22 gold pieces
 25127 | Orc:1    | Bought a scroll of identify for 22 gold pieces
 25127 | Orc:1    | Bought a scroll of enchant weapon for 82 gold pieces
 25132 | Orc:1    | Bought a fine hunting sling for 162 gold pieces
 25132 | Orc:1    | Identified the +11 hunting sling of Forced Transition
                  | {speed, rElec Dex+3} (You bought it in a shop on level 1 of
                  | the Orcish Mines)
 25134 | Orc:1    | Upgraded the game from 0.29-a0-233-g1125b37a9b to
                  | 0.29-a0-375-g5102b3be25
 25134 | Orc:1    | Quit the game

Illustrated notes

Levels and vault maps discovered:
D:1:      wander_arrival_desolate, layout_rooms,
          shapermc_ecumenical_altar_starsandcircs, minmay_misc_feat_cross,
          chequers_serial_rivers_small_3
D:2:      layout_basic
D:3:      layout_rooms, nicolae_ashenzari_skybound, nzn_wu_jian_council_hall,
          gammafunk_ghost_split
D:4:      layout_basic, minmay_temple_entry_antechambers,
          nicolae_ossuary_entry_plus, guppyfry_early_lair_pool, uniq_grinder,
          uniq_eustachio, uniq_ijyb, uniq_natasha
D:5:      layout_basic, nemelex_altar_shiori, serial_shops,
          nicolae_take_the_stairs
D:6:      minmay_klotski, layout_loops_corners,
          grunt_temple_overflow_growth_and_decay, mainiacjoe_overflow_alcove_2,
          mainiacjoe_overflow_two_lobes
D:7:      layout_loops_ring, solitary_fountain
D:8:      minmay_the_grid_octo_2x2 [minmay_the_grid_octo_checkered,
          minmay_the_grid_octo_fat_diamond, minmay_the_grid_octo_thin_diamonds,
          minmay_the_grid_octo_prize_single_spiral], layout_cave_pools,
          due_lair_maze_entry_diamond, minmay_manual_macuahuitl
D:9:      layout_irregular_city, trog_wizard, kennysheep_okawaru_gauntlet,
          orc_0_dummy
D:10:     layout_loops_ring, nicolae_hepliaklqana_hippocampus, uniq_gastronok
D:11:     layout_loops_corners
Temple:   minmay_temple_curvy_loop
Lair:1:   layout_regular_city, grunt_megastairs_5
Lair:2:   layout_cave_pods, uniq_amaemon
Lair:3:   layout_cave_pods, minmay_shoals_entry_beasts,
          nicolae_spider_entry_non_spiders
Lair:4:   layout_regular_city, serial_bayou_pond_e, uniq_josephine
Lair:5:   layout_concentric_octagons, grunt_megastairs_3
Lair:6:   cheibrodos_lair_end_hotspot, layout_misc_corridors, slime_altar_1,
          gauntlet_entry_generic, grunt_forest_large_clearing_hut
Orc:1:    layout_diamond_mine, basic_altar
Orc:2:    st_orc_town, layout_diamond_mine, serial_shops, shop,
          minmay_orc_temple_b

Skill      XL: |  1  2  3  4  5  6  7  8  9 10 11 12 13 14 |
---------------+-------------------------------------------+-----
Throwing       | 2 3 4 5 6 7 8 9 |  9.4
Armour         | 1 2 3 4 5 6 7 8 9 |  9.3
Axes           | 3 4 5 6 7 8 9 |  9.9
Dodging        | 3 4 5 6 7 8 9 |  9.8
Fighting       | 3 4 5 6 7 8 9 10 | 10.4
Evocations     | 1 3 4 6 7 8 9 |  9.6
Shields        | 2 4 5 6 |  6.2

Action                   |  1- 3 |  4- 6 |  7- 9 | 10-12 | 13-15 || total
-------------------------+-------+-------+-------+-------+-------++-------
Melee: War axe           |   107 |   172 |   129 |       |       ||   408
       Tailslap          |    10 |    23 |    52 |    87 |   129 ||   301
       Punch             |       |     1 |     4 |     3 |       ||     8
       Hand axe          |       |       |   170 |   234 |    21 ||   425
       Morningstar       |       |       |       |   352 |   618 ||   970
       Scimitar          |       |       |       |    10 |       ||    10
Throw: Dart              |       |     5 |    15 |    15 |    10 ||    45
       Throwing net      |       |     3 |     2 |     1 |       ||     6
       Boomerang         |       |       |       |     8 |     1 ||     9
       Javelin           |       |       |       |     2 |       ||     2
Invok: Call Merchant     |       |       |       |       |     4 ||     4
Evoke: Wand              |       |       |     5 |       |     3 ||     8
       Lightning rod     |       |       |       |     4 |     2 ||     6
       Phantom mirror    |       |       |       |       |     1 ||     1
       Piece from Xom's  |       |       |       |       |     1 ||     1
  Use: Potion            |       |     4 |       |       |     2 ||     6
       Scroll            |       |       |       |    18 |    13 ||    31
 Stab: Distracted        |       |       |       |     8 |     4 ||    12
       Held in net/web   |       |       |       |     1 |       ||     1
       Sleeping          |       |       |       |     1 |       ||     1
Armor: Leather armour    |    10 |       |       |       |       ||    10
       Chain mail        |    22 |       |       |       |       ||    22
       Ring mail         |    23 |    69 |    96 |   192 |    12 ||   392
       Skin              |       |    10 |       |       |       ||    10
       Gold dragon scale |       |       |       |       |   432 ||   432
Dodge: Dodged            |    67 |   147 |   278 |   565 |   484 ||  1541
Block: Buckler           |       |       |       |     8 |       ||     8
       Kite shield       |       |       |       |    98 |   537 ||   635
       Reflection        |       |       |       |       |     5 ||     5

Table legend: (Time is in decaauts)
 A = Elapsed time spent in this place.
 B = Non-inter-level travel time spent in this place.
 C = Inter-level travel time spent in this place.
 D = Time resting spent in this place.
 E = Time spent auto-exploring this place.
 F = Levels seen in this place.
 G = Mean time per level.
                   A        B        C        D        E       F      G
               +--------+--------+--------+--------+--------+-----+--------+
         Total |  25809 |  24308 |   1501 |   1222 |  17886 |  22 | 1173.1 |
       Dungeon |  11942 |  10952 |    990 |    383 |   8347 |  11 | 1085.6 |
        Temple |    177 |    109 |     68 |      0 |    100 |   1 |  177.0 |
          Lair |   7979 |   7584 |    395 |    222 |   5998 |   6 | 1329.8 |
  Orcish Mines |   4273 |   4226 |     47 |    617 |   2475 |   2 | 2136.5 |
       Ossuary |    709 |    709 |      0 |      0 |    516 |   1 |  709.0 |
      Gauntlet |    727 |    727 |      0 |      0 |    450 |   1 |  727.0 |
               +--------+--------+--------+--------+--------+-----+--------+

Top non-repeatable levels by time:
   Orc:1: 2372 daAuts
  Lair:6: 2361 daAuts
   Orc:2: 1900 daAuts
    D:10: 1546 daAuts
     D:6: 1455 daAuts
     D:4: 1430 daAuts
     D:2: 1394 daAuts
  Lair:5: 1290 daAuts
     D:8: 1266 daAuts
  Lair:2: 1259 daAuts
  Lair:3: 1151 daAuts
     D:5: 1112 daAuts
     D:1: 1036 daAuts
     D:9: 1025 daAuts
  Lair:4: 1001 daAuts
